 Dungeon Crawl Stone Soup version 0.26-a0-812-g31a745ddcd (webtiles) character file.

Game seed: 11039492026350017104

11 Dracia the Ruffian (level 2, 0/23 HPs)
             Began as a Draconian Transmuter on Nov 30, 2020.
             Slain by a gnoll
             ... wielding a +0 halberd
              (14 damage)
             ... on level 1 of the Dungeon.
             The game lasted 00:01:20 (796 turns).

Dracia the Ruffian (Draconian Transmuter)            Turns: 796, Time: 00:01:21

Health: 0/23       AC:  4    Str: 12    XL:     2   Next: 17%
Magic:  4/5        EV: 12    Int: 13    God:
Gold:   30         SH:  0    Dex: 11    Spells: 2/5 levels left

rFire    . . .     SeeInvis .     - Unarmed
rCold    . . .     Faith    .   (no shield)
rNeg     . . .     Spirit   .   (armour unavailable)
rPois    .         Reflect  .   (helmet currently unavailable)
rElec    .         Harm     .   (no cloak)
rCorr    .         Rampage  .   (no gloves)
MR       .....                  (boots currently unavailable)
Stlth    +.........             (no amulet)
HPRegen  0.07/turn              (no ring)
MPRegen  0.09/turn              (no ring)

@: appendages
A: unfitting armour, horns 2, talons 2, cold-blooded, AC +4
a: End Transformation


You were on level 1 of the Dungeon.
You had grown temporary horns.
You had grown temporary talons.
You visited 1 branch of the dungeon, and saw 1 of its levels.

You collected 30 gold pieces.


Innate Abilities, Weirdness & Mutations

Your plain brown scales are hard. (AC +4)
You cannot fit into any form of body armour.
You are cold-blooded and may be slowed by cold attacks.
You have a pair of horns on your head.
You have razor-sharp toenails.


   Skills:
 - Level 1.1 Fighting
 - Level 1.7 Dodging
 + Level 3.3 Unarmed Combat
 - Level 2.0 Spellcasting
 + Level 2.4 Transmutations


You had 2 spell levels left.
You knew the following spells:

 Your Spells              Type           Power        Failure   Level
a - Beastly Appendage     Tmut           #.....       10%         1
b - Wereblood             Tmut           #.......     14%         2

Your spell library contained the following spells:

 Spells                   Type           Power        Failure   Level
 Spider Form              Tmut/Pois      #.........   43%         3
 Ice Form                 Ice/Tmut       #.......     83%         4
 Blade Hands              Tmut           #.........   95%         5

Inventory:

Scrolls
 a - a scroll of amnesia {unknown}
 b - 2 scrolls of teleportation {unknown}
 e - a scroll of enchant weapon {unknown}
 f - a scroll of immolation {unknown}
Potions
 c - a potion of lignification {unknown}
 d - a potion of haste {unknown}

Dungeon Overview and Level Annotations

Branches:
Dungeon (1/15)

Altars:

####.#≈###..# ##...#
#..≈.##..# ##.###.#
#..≈.##..###.##
##.≈.##..##.##
######.....#
########.......##
.............#..##
########.........###..#
##.#......@.....#
####....####..g....#
#.......# #.......#
#.##...## #.........
#.###.## #.......## #.#
#... .)......# #.#
##### ###.....# ###.#
.....# #...#


You could see a gnoll.


Message History

You kill the hobgoblin!
The rat bites you but does no damage.
You hit the rat.
You kill the rat!
No target in view!
No target in view!
No target in view!
Found a scroll labelled GUGEXT LOASOFY.
Found 10 gold pieces.
f - a scroll labelled GUGEXT LOASOFY You now have 30 gold pieces (gained 10).
You see here a +0 club.
You see here 21 bolts.
Found a stone staircase leading down.
There is a stone staircase leading down here.
There is a stone staircase leading down here.
The gnoll shouts!
A gnoll is nearby!
A gnoll is nearby!
Unknown command.
Cast which spell? (? or * to list)
You grow a pair of large bovine horns.
Your feet morph into talons.
Found a short sword.
The gnoll hits you from afar with a +0 halberd.
The gnoll hits you with a +0 halberd.
You hit the gnoll. Your headbutt misses the gnoll.
The gnoll is lightly wounded.
The gnoll hits you with a +0 halberd!
Ouch! That really hurt!
You die...

Action                   || total
-------------------------++-------
Melee: Unarmed           ||    53
       Tailslap          ||     2
       Punch             ||     2
 Cast: Beastly Appendage ||     1
Armor: Skin              ||    17
Dodge: Dodged            ||    40

Levels and vault maps discovered:
D:1:      dpeg_arrival_rooms_c, layout_loops_ring,
          chequers_serial_rivers_micro_b, chequers_serial_rivers_micro_e

Notes
Turn   | Place    | Note
-------+----------+-------------------------------------------
     0 | D:1      | Dracia the Draconian Transmuter began the quest for the
                  | Orb.
     0 | D:1      | Reached XP level 1. HP: 16/16 MP: 3/3
   540 | D:1      | Reached XP level 2. HP: 23/23 MP: 5/5
   544 | D:1      | Learned a level 2 spell: Wereblood
   796 | D:1      | Slain by a gnoll

Vanquished Creatures
  A leopard gecko (D:1)
  A ball python (D:1)
  3 hobgoblins (D:1)
  2 kobolds (D:1)
  A bat (D:1)
  A frilled lizard (D:1)
  A rat (D:1)
10 creatures vanquished.

Table legend: (Time is in decaauts)
 A = Elapsed time spent in this place.
 B = Non-inter-level travel time spent in this place.
 C = Inter-level travel time spent in this place.
 D = Time resting spent in this place.
 E = Time spent auto-exploring this place.
 F = Levels seen in this place.
 G = Mean time per level.
                   A        B        C        D        E       F      G
               +--------+--------+--------+--------+--------+-----+--------+
         Total |    793 |    793 |      0 |      0 |    679 |   1 |  793.0 |
       Dungeon |    793 |    793 |      0 |      0 |    679 |   1 |  793.0 |
               +--------+--------+--------+--------+--------+-----+--------+

Top non-repeatable levels by time:
     D:1: 793 daAuts

Table legend:
 A = Non-vault XP
 B = Vault XP
 C = Vault XP percentage of total XP
 D = Non-vault monster count
 E = Vault monster count
 F = Vault count percentage of total count
                 A         B        C        D         E       F
            +---------+---------+-------+---------+---------+-------
      Total |      17 |       0 |   0.0 |      10 |       0 |   0.0
            +---------+---------+-------+---------+---------+-------
        D:1 |      17 |       0 |   0.0 |      10 |       0 |   0.0
            +---------+---------+-------+---------+---------+-------
